 Dungeon Crawl Stone Soup version 0.31.0-1-g2c135a0 (webtiles) character file.

Game seed: 16344123027232205907

17 mezmerelda the Chopper (level 2, -1/26 HPs)
             Began as a Hill Orc Fighter on Feb 8, 2024.
             Was an Initiate of Beogh.
             Succumbed to a scorpion's poison
             ... on level 4 of the Dungeon.
             The game lasted 00:02:58 (360 turns).

mezmerelda the Chopper (Hill Orc Fighter)            Turns: 360, Time: 00:02:59

Health: -1/26      AC:  6    Str: 18    XL:     2   Next: 62%
Magic:  2/2        EV:  9    Int:  8    God:    Beogh [......]
Gold:   42         SH:  4    Dex: 10    Spells: 1/1 levels left

rFire   . . .        a - +0 war axe
rCold   . . .        c - +0 buckler
rNeg    . . .        f - +0 scale mail
rPois   .            (no helmet)
rElec   .            (no cloak)
rCorr   .            (no gloves)
SInv    .            (no boots)
Will    .....        (no amulet) Stlth
                     (no ring)
HPRegen 0.24/turn    (no ring)
MPRegen 0.08/turn

%: no passive effects
@: mighty, lethally poisoned (-1 -> -9)
A: no striking features
a: Renounce Religion


You were on level 4 of the Dungeon.
You worshipped Beogh.
Beogh was noncommittal.
You visited 1 branch of the dungeon, and saw 4 of its levels.

You collected 42 gold pieces.

Inventory:

Hand Weapons
 a - a +0 war axe (weapon)
 b - a +2 spear of venom
Armour
 c - a +0 buckler (worn)
 f - a +0 scale mail (worn)
Scrolls
 g - a scroll of identify {unknown}
 h - a scroll of enchant weapon {unknown}
 j - a scroll of immolation {unknown}
Potions
 e - 2 potions of cancellation {unknown}
 i - a potion of enlightenment {unknown}
 k - a potion of curing {unknown}


   Skills:
 - Level 3.6 Fighting
 + Level 4.2 Axes
 - Level 3.2 Armour
 - Level 3.2 Shields


You had one spell level left.
You didn't know any spells.
Your spell library contained the following spells:

 Spells                   Type           Power      Damage    Failure   Level
 Scorch                   Fire           0%         2d5       95%         2
 Flame Wave               Conj/Fire      0%         2d4       100%        4
 Summon Cactus Giant      Summ           0%         N/A       100%        6


Dungeon Overview and Level Annotations

Branches:
Dungeon (4/15)
 Temple: D:4-7

Altars:

Shops:
D:1 !=


Message History

The scorpion stings you.
You are poisoned.
The scorpion poisons you!
You feel very mighty all of a sudden.
You feel very sick. The scorpion stings you.
You are lethally poisoned!
The scorpion poisons you!
The orc wizard hits you but does no damage.
The orc hits the orc wizard but does no damage.
The orc wizard hits the orc with a +0 dagger of venom.
The orc dies!
An iguana comes into view.
You barely miss the scorpion. You barely miss the orc wizard.
You feel very sick.
The iguana hisses angrily.
The scorpion stings you but does no damage.
The orc wizard hits you with a +0 dagger.
You block the scorpion's attack.
You hit the scorpion.
The scorpion is moderately wounded.
You hit the orc wizard.
* * * LOW HITPOINT WARNING * * *
You feel very sick. You block the orc wizard's attack.
The iguana hisses menacingly.
You block the scorpion's attack. The orc wizard barely misses you.
You barely miss the scorpion.
The scorpion is moderately wounded.
You closely miss the orc wizard.
* * * LOW HITPOINT WARNING * * *
You feel very sick. The scorpion barely misses you.
The scorpion stings you but does no damage.
You barely miss the scorpion.
The scorpion is moderately wounded.
You slash the orc wizard!
You kill the orc wizard!
Beogh accepts your kill.
You die...

.## #..### .....#
.)).. .. ##l..#
... ##o..# #..#
##..s# #..###.)@#
#........#
##.......#
##......#
###...!..## #.
...........# #..
...........###...
...####.....#....
. .## ##.........
.. ##


You could see a scorpion, an iguana and an orc wizard.

Vanquished Creatures
  An orc wizard (D:4)
  A bat zombie (D:2)
  An endoplasm (D:1)
  A giant cockroach (D:2)
  4 jackals
  3 kobolds
  A ball python zombie (D:2)
  A bat (D:1)
  2 frilled lizards (D:1)
  A quokka zombie (D:2)
16 creatures vanquished.

Vanquished Creatures (others)
  2 orcs (D:4)
2 creatures vanquished.

Grand Total: 18 creatures vanquished

Notes
Turn   | Place    | Note
-------+----------+-------------------------------------------
     0 | D:1      | mezmerelda the Hill Orc Fighter began the quest for the
                  | Orb.
     0 | D:1      | Reached XP level 1. HP: 19/19 MP: 1/1
    56 | D:1      | Found Urygijanypp's Jewellery Shoppe.
   104 | D:1      | Reached skill level 3 in Axes
   150 | D:1      | Reached XP level 2. HP: 20/26 MP: 2/2
   157 | D:1      | Found Myutt's Distillery.
   238 | D:2      | Reached skill level 4 in Axes
   351 | D:4      | Became a worshipper of Beogh the Brigand
   352 | D:4      | Noticed a scorpion
   360 | D:4      | Succumbed to a scorpion's poison

Illustrated notes

Levels and vault maps discovered:
D:1:      psy_arrival_dodecagon, layout_basic, serial_shops,
          nicolae_shop_industrial_runoff, nicolae_shop_just_a_little_nook,
          serial_park_tiny_1
D:2:      layout_basic, serial_undead, serial_undead_e, serial_undead_f,
          serial_undead_e, serial_undead_f, serial_undead_c, serial_undead_a,
          dreamdust_ecumenical_altar_statues, minmay_misc_feat_rugged,
          uniq_terence
D:3:      layout_loops_ring, lemuel_doored_altar, minmay_starry_boxes
D:4:      layout_layer_cave

Skill      XL: |  1  2 |
---------------+-------+-----
Axes           | 3 4 |  4.2
Fighting       | |  3.6
Armour         | |  3.2
Shields        | |  3.2

Action                     || total
---------------------------++-------
  Melee: War axe           ||    49
 Invoke: Convert to Beogh  ||     1
    Use: Potion            ||     1
 Armour: Scale mail        ||    36
  Dodge: Dodged            ||    20
  Block: Buckler           ||    15
